 Dungeon Crawl Stone Soup version 0.21.1-1-g345015f (webtiles) character file.

14 tidbits the Charmwright (level 2, 7/26 HPs)
             Began as a Gnoll Skald on June 22, 2018.
             Quit the game on level 3 of the Dungeon.
             The game lasted 00:01:20 (105 turns).

tidbits the Charmwright (Gnoll Skald)                Turns: 105, Time: 00:01:20

Health: 7/26       AC:  3    Str: 13    XL:     2   Next: 41%
Magic:  0/7        EV: 14    Int: 15    God:
Gold:   14         SH:  0    Dex: 14    Spells: 9/10 levels left

rFire    . . .     SeeInvis .   a - +0 hand axe
rCold    . . .     Gourm    .   (no shield)
rNeg     . . .     Faith    .   b - +0 leather armour
rPois    .         Spirit   .   (no helmet)
rElec    .         Reflect  .   (no cloak)
rCorr    .         Harm     .   (no gloves)
MR       .....                  (no boots)
Stlth    +.........             (no amulet)
HPRegen  0.08/turn              (no ring)
MPRegen  0.10/turn              (no ring)

@: lethally poisoned (7 -> -1), infused
A: distributed training, fangs 1, strong nose
a: no special abilities


You were on level 3 of the Dungeon.
You were not hungry.

You visited 1 branch of the dungeon, and saw 3 of its levels.

You collected 14 gold pieces.

Inventory:

Hand Weapons
 a - a +0 hand axe (weapon)
Armour
 b - a +0 leather armour (worn)
Books
 c - a book of Battle

   Spells                             Type                      Level
   a - Infusion                       Charms                       1
   b - Shroud of Golubria             Charms/Translocation         2
   c - Song of Slaying                Charms                       2
   d - Spectral Weapon                Hexes/Charms                 3
   e - Regeneration                   Charms/Necromancy            3
Comestibles
 d - a ration


   Skills:
 + Level 4.5 Fighting
 + Level 0.4 Short Blades
 + Level 0.4 Long Blades
 + Level 4.5 Axes
 + Level 0.4 Maces & Flails
 + Level 0.4 Polearms
 + Level 0.4 Staves
 + Level 0.4 Slings
 + Level 0.4 Bows
 + Level 0.4 Crossbows
 + Level 0.4 Throwing
 + Level 2.5 Armour
 + Level 4.5 Dodging
 + Level 0.4 Stealth
 + Level 0.4 Shields
 + Level 0.4 Unarmed Combat
 + Level 4.9 Spellcasting
 + Level 0.2 Conjurations
 + Level 0.2 Hexes
 + Level 5.3 Charms
 + Level 0.2 Summonings
 + Level 0.2 Necromancy
 + Level 0.2 Translocations
 + Level 0.2 Transmutations
 + Level 0.2 Fire Magic
 + Level 0.2 Ice Magic
 + Level 0.2 Air Magic
 + Level 0.2 Earth Magic
 + Level 0.2 Poison Magic
 + Level 0.5 Invocations
 + Level 0.4 Evocations


You had 9 spell levels left.
You knew the following spells:

 Your Spells              Type           Power        Failure   Level  Hunger
i - Infusion              Chrm           ###.         2%          1    None


Dungeon Overview and Level Annotations

Branches:
Dungeon (3/15)

Altars:


Innate Abilities, Weirdness & Mutations

Your experience applies equally to all skills.
You have very sharp teeth.
Your uncanny sense of smell can sniff out nearby items.


Message History

Welcome, tidbits the Gnoll Skald.
The bosom of this dungeon contains the fabled artefact, the Orb of Zot.
Press ? for a list of commands and other information.
Found a staircase leading out of the dungeon.
Found a fizzy golden potion.
Found 10 gold pieces.
You see here a fizzy golden potion.
e - a fizzy golden potion You see here 10 gold pieces.
You now have 10 gold pieces.
Found a leather armour.
A bat comes into view.
Casting: Infusion
Confirm with . or Enter, or press ? or * to list all spells.
You begin infusing your attacks with magical energy.
You hit the bat!
You kill the bat!
You see here a bat corpse.
Your magical infusion is running out.
You are no longer magically infusing your attacks.
Unknown command.
Found 4 gold pieces.
You see here 4 gold pieces.
You now have 14 gold pieces (gained 4).
Found a stone staircase leading down.
There is a stone staircase leading down here.
You climb downwards.
An adder comes into view.
Found 18 sling bullets.
Found a stone staircase leading down.
There is a stone staircase leading up here.
Casting: Infusion
Confirm with . or Enter, or press ? or * to list all spells.
You begin infusing your attacks with magical energy.
The adder hisses angrily.
An adder and a giant cockroach come into view.
Found an escape hatch in the ceiling.
Unknown command.
A hobgoblin comes into view. It is wielding a club.
Found 21 sling bullets.
There is a stone staircase leading down here.
The adder misses you.
You hit the adder.
The adder is heavily wounded.
You hit the hobgoblin. The adder bites you.
You are poisoned.
The adder poisons you! The hobgoblin hits you with a club.
You hit the adder.
The adder is severely wounded.
You hit the hobgoblin.
You kill the hobgoblin!
You feel sick. The adder bites you.
You are more poisoned.
The adder poisons you! The adder misses you.
You hit the adder.
You kill the adder!
You have reached level 2!
You hit the giant cockroach.
You feel sick. The giant cockroach bites you.
* * * LOW HITPOINT WARNING * * *
The giant cockroach misses you.
You hit the giant cockroach.
You kill the giant cockroach!
You feel sick.
You climb downwards.
An adder and a rat come into view.
You feel sick.
Found a club, a scroll labeled SUFIWI SELLO and a pink potion.
Found a stone staircase leading up.
There is a stone staircase leading up here.
It was a potion of curing.
You feel better.
The adder hisses angrily.
Found 11 sling bullets.
You hit the adder.
The adder is heavily wounded.
The adder misses you. The adder bites you.
* * * LOW HITPOINT WARNING * * *
You are poisoned.
The adder poisons you!
You closely miss the adder.
The adder is heavily wounded.
You feel sick. The adder bites you.
* * * LOW HITPOINT WARNING * * *
You closely miss the adder. You bite the adder, but do no damage.
The adder is heavily wounded.
The adder barely misses you. The adder bites you.
* * * LOW HITPOINT WARNING * * *
You are lethally poisoned!
The adder poisons you!
Are you sure you want to abandon this character and quit the game? (Confirm with "yes".)

.# (..# .#....#
## .#....# #.
......#
##.##.#...##
#..#..........##
.......S.......#
##..#@#.......
#....r<<..)..#
#...........##
#.......#.#.#
#........ #
..!...#..##
###......#.
###..##... ...
...


You could see an adder and a rat.

Vanquished Creatures
  An adder (D:2)
  A bat (D:1)
  A giant cockroach (D:2)
  A hobgoblin (D:2)
4 creatures vanquished.

Notes
Turn   | Place    | Note
-------+----------+-------------------------------------------
     0 | D:1      | tidbits the Gnoll Skald began the quest for the Orb.
     0 | D:1      | Reached XP level 1. HP: 20/20 MP: 6/6
    96 | D:2      | Reached XP level 2. HP: 15/26 MP: 0/7
   105 | D:3      | Quit the game

Action                   || total
-------------------------++-------
Melee: Hand axe          ||     8
       Bite              ||     1
 Cast: Infusion          ||     2
  Use: Potion            ||     1
Dodge: Dodged            ||     5

Table legend:
 A = Turns spent in this place as a percentage of turns spent in the entire game.
 B = Non-inter-level travel turns spent in this place as a percentage of non-inter-level travel turns spent in the entire game.
 C = Inter-level travel turns spent in this place as a percentage of turns spent in this place.
 D = Turns resting spent in this place as a percentage of non-inter-level travel turns spent in this place.
 E = Turns spent auto-exploring this place as a percentage of non-inter-level travel turns spent in this place.
 F = Non-inter-level travel turns spent in this place divided by the number of levels of this place that you've seen.
                   A       B       C       D       E      F
               +-------+-------+-------+-------+-------+----------------------
         Total | 100.0 | 100.0 |   0.0 |   0.0 |   0.0 |  35.0
       Dungeon | 100.0 | 100.0 |   0.0 |   0.0 |   0.0 |  35.0
               +-------+-------+-------+-------+-------+----------------------

Table legend:
 A = Kills in this place as a percentage of kills in entire the game.
 B = Kills by you in this place as a percentage of kills by you in the entire game.
 C = Kills by friends in this place as a percentage of kills by friends in the entire game.
 D = Other kills in this place as a percentage of other kills in the entire game.
 E = Experience gained in this place as a percentage of experience gained in the entire game.
 F = Experience gained in this place divided by the number of levels of this place that you have seen.
                   A       B       C       D       E      F
               +-------+-------+-------+-------+-------+----------------------
         Total | 100.0 | 100.0 |   N/A |   N/A | 100.0 |   6.7
       Dungeon | 100.0 | 100.0 |   N/A |   N/A | 100.0 |   6.7
               +-------+-------+-------+-------+-------+----------------------

Vault maps used:
D:1:      wheals_arrival_shading, serial_bayou_pond_e
D:2:      kennysheep_slug_shrine, lemuel_crystal_altar, tso_altar,
          old_standard_altar, first_ration, uniq_jessica
D:3:      okawaru_ov_weapons_minmay, kennysheep_generic_room_2, uniq_purgy
